 Dungeon Crawl Stone Soup version 0.30-a0-1043-g60ff8d5f49 (webtiles) character file.

Game seed: 5575657449195289187

256 KarmaKiller the Trooper (level 5, -5/42 HPs)
             Began as a Demonspawn Berserker on Apr 10, 2023.
             Was a Believer of Trog.
             Slain by a gnoll
             ... wielding a +0 spear
              (6 damage)
             ... on level 3 of the Dungeon.
             The game lasted 00:15:04 (2335 turns).

KarmaKiller the Trooper (Demonspawn Berserker)      Turns: 2335, Time: 00:15:04

Health: -5/42      AC:  5    Str: 20    XL:     5   Next: 92%
Magic:  5/5        EV: 11    Int:  8    God:    Trog [**....]
Gold:   162        SH:  3    Dex: 12    Spells: 4/4 levels left

rFire   . . .      SeeInvis .    n - +3 whip (elec)
rCold   . . .      Faith    .    i - +0 buckler
rNeg    . . .      Spirit   .    k - +0 ring mail
rPois   .          Reflect  .    (helmet restricted)
rElec   .          Rampage  .    (no cloak)
rCorr   .                        (no gloves)
Will    .....                    (no boots)
Stlth   +                        (no amulet)
HPRegen 0.27/turn                (no ring)
MPRegen 0.09/turn                (no ring)

@: on berserk cooldown, slowed, very slow
A: horns 1, powered by pain 1
a: Renounce Religion, Berserk, Trog's Hand


You were on level 3 of the Dungeon.
You worshipped Trog.
Trog was pleased with you.
You visited 1 branch of the dungeon, and saw 3 of its levels.

You collected 162 gold pieces.

Inventory:

Hand Weapons
 b - a +0 club
 c - a +0 long sword
 e - a +0 whip
 g - a +0 trident
 n - a +3 whip of electrocution (weapon)
 q - a +0 hand axe
Armour
 a - a +0 animal skin
 i - a +0 buckler (worn)
 k - a +0 ring mail (worn)
Jewellery
 m - an amulet of magic regeneration
Scrolls
 d - 2 scrolls of teleportation
 h - a scroll of blinking
 j - a scroll of noise
 l - a scroll of poison {unknown}
 o - a scroll of fog
 p - a scroll of magic mapping {unknown}
 r - a scroll of amnesia {unknown}
Potions
 f - 2 potions of haste


   Skills:
 + Level 3.9 Fighting
 + Level 2.0 Maces & Flails
 + Level 1.5 Polearms
 + Level 2.5 Armour
 + Level 3.1 Dodging
 + Level 0.5 Stealth
 + Level 0.2 Shields
 + Level 3.2 Unarmed Combat


You had 4 spell levels left.
You didn't know any spells.
Your spell library was empty.

Dungeon Overview and Level Annotations

Branches:
Dungeon (3/15)

Altars:
Kikubaaqudgha
Uskayaw

Shops:
D:2 *

Annotations:
D:1 2 transporters


Innate Abilities, Weirdness & Mutations

You have a pair of small horns on your head.
You sometimes gain a little power by taking damage.


Message History

The jackal misses you. The gnoll misses you.
An adder comes into view.
Your Maces & Flails skill increases to level 2!
You barely miss the jackal.
The adder hisses angrily.
The jackal bites you. The jackal completely misses you.
The gnoll closely misses you.
You whack the jackal! Lightning courses through the jackal!
You kill the jackal!
Trog accepts your kill.
The jackal bites you but does no damage.
The jackal misses you. The gnoll hits you but does no damage.
You closely miss the gnoll. You headbutt the gnoll.
The gnoll is heavily wounded.
You are no longer berserk.
You are exhausted.
You feel yourself slow down.
The jackal bites you but does no damage.
The gnoll hits you with a +0 spear!
You barely miss the gnoll.
The gnoll is heavily wounded.
The jackal bites you but does no damage. x2
The gnoll barely misses you.
The jackal bites you but does no damage.
You barely miss the gnoll.
The gnoll is heavily wounded.
The gnoll hits you with a +0 spear.
* * * LOW HITPOINT WARNING * * *
The jackal barely misses you. You block the adder's attack.
The gnoll closely misses you. The jackal closely misses you.
You hit the gnoll.
The gnoll is severely wounded.
The adder bites you but does no damage.
The jackal bites you but does no damage.
The adder bites you.
* * * LOW HITPOINT WARNING * * *
The gnoll hits you with a +0 spear!
* * * LOW HITPOINT WARNING * * *
The jackal barely misses you. The gnoll hits you with a +0 spear.
You die...

.#.## #(..## ). #.⌠.#
#######..8.## .8. .#.##
...#........#####.... ⌠.#.#
#..........†........ .#.##
###....#####........ #.⌠.#
#..........####.## .#.##
##....#....## #.# ..##
######...ghS###..##..(#
.######.........@.####....#
####....#########..##...#...#
.....########## ##.##.### #.#
.>.:## #.....# #..#.# ..
...## #.....####....# ...#
#.....#......## ...#
#.....#.####.# ...# #.......#
#.# #### #.....### #..


You could see a gnoll, an adder and a jackal.

Vanquished Creatures
  3 vampire bats (D:3)
  A hound (D:3)
  A gnoll (D:3)
  2 adders (D:2)
  A dart slug (D:1)
  5 orcs (D:3)
  2 ball pythons
  4 bat skeletons (D:3)
  3 bat zombies (D:3)
  6 endoplasms
  2 giant cockroaches
  7 goblins
  3 hobgoblins
  5 jackals
  A quokka (D:2)
  5 bats
  6 frilled lizards
  6 kobolds
  6 rats
69 creatures vanquished.

Notes
Turn   | Place    | Note
-------+----------+-------------------------------------------
     0 | D:1      | KarmaKiller the Demonspawn Berserker began the quest for
                  | the Orb.
     0 | D:1      | Reached XP level 1. HP: 18/18 MP: 1/1
   128 | D:1      | Gained mutation: You have a pair of small horns on your
                  | head. [demonic ancestry]
   128 | D:1      | Reached XP level 2. HP: 22/24 MP: 2/2
  1104 | D:2      | Reached XP level 3. HP: 24/29 MP: 3/3
  1344 | D:2      | Found Yfrenuebli's General Store.
  1603 | D:2      | Reached ** piety under Trog
  1877 | D:3      | Gained mutation: You sometimes gain a little power by
                  | taking damage. [demonic ancestry]
  1877 | D:3      | Reached XP level 4. HP: 35/35 MP: 4/4
  1891 | D:3      | Found an ancient bone altar of Kikubaaqudgha.
  1896 | D:3      | Reached skill level 1 in Maces & Flails
  1896 | D:3      | Reached skill level 1 in Polearms
  1905 | D:3      | Reached XP level 5. HP: 24/42 MP: 5/5
  2173 | D:3      | Found a hide-covered altar of Uskayaw.
  2335 | D:3      | HP: 1/42 [gnoll/+0 spear (7)]
  2335 | D:3      | Slain by a gnoll

Illustrated notes

Levels and vault maps discovered:
D:1:      spicycebolla_arrival_transporter_tutorial, layout_basic,
          minmay_split_cup_small
D:2:      layout_rooms, serial_shops, nicolae_shop_hallway_plus
D:3:      layout_rooms, nicolae_overflow_ecumenical_swirl,
          mainiacjoe_overflow_surrounded_room, kennysheep_vampire_church,
          serial_shops, nicolae_shop_stone

Skill      XL: |  1  2  3  4  5 |
---------------+----------------+-----
Dodging        | 2 3 |  3.1
Unarmed Combat | 3 |  3.2
Maces & Flails | 1 2 |  2.0
Polearms       | 1 |  1.5
Armour         | 2 |  2.5
Fighting       | |  3.9
Stealth        | |  0.5
Shields        | |  0.2

Action                     |  1- 3 |  4- 6 || total
---------------------------+-------+-------++-------
  Melee: Club              |    46 |       ||    46
         Unarmed           |     8 |       ||     8
         Punch             |     1 |       ||     1
         Whip              |    32 |    59 ||    91
         Trident           |    45 |       ||    45
         Headbutt          |     9 |     6 ||    15
 Invoke: Berserk           |     3 |     2 ||     5
         Trog's Hand       |       |     1 ||     1
    Use: Scroll            |     3 |     2 ||     5
 Armour: Animal skin       |    37 |       ||    37
         Ring mail         |    19 |    42 ||    61
  Dodge: Dodged            |   119 |    78 ||   197
  Block: Buckler           |     8 |    14 ||    22

Table legend: (Time is in decaauts)
 A = Elapsed time spent in this place.
 B = Non-inter-level travel time spent in this place.
 C = Inter-level travel time spent in this place.
 D = Time resting spent in this place.
 E = Time spent auto-exploring this place.
 F = Levels seen in this place.
 G = Mean time per level.
                   A        B        C        D        E       F      G
               +--------+--------+--------+--------+--------+-----+--------+
         Total |   2405 |   2405 |      0 |    284 |      0 |   3 |  801.7 |
       Dungeon |   2405 |   2405 |      0 |    284 |      0 |   3 |  801.7 |
               +--------+--------+--------+--------+--------+-----+--------+

Top non-repeatable levels by time:
     D:1: 1127 daAuts
     D:2: 790 daAuts
     D:3: 488 daAuts
